 Dungeon Crawl Stone Soup version 0.29-a0-352-g0917bc69df (webtiles) character file.

Game seed: 17209890114176746585

53 Lekart the Skirmisher (level 3, 0/33 HPs)
             Began as a Draconian Chaos Knight on Apr 18, 2022.
             Was a Plaything of Xom.
             Slain by Natasha (12 damage)
             ... on level 2 of the Dungeon on Apr 24, 2022.
             The game lasted 00:05:03 (2578 turns).

Lekart the Skirmisher (Draconian Chaos Knight)      Turns: 2578, Time: 00:05:04

Health: 0/33       AC:  5    Str: 14    XL:     3   Next: 64%
Magic:  3/3        EV: 12    Int: 12    God:    Xom [......]
Gold:   128        SH:  0    Dex: 12    Spells: 2/2 levels left

rFire   . . .      SeeInvis .   a - +0 falchion (chaos)
rCold   . . .      Faith    .   (no shield)
rNeg    . . .      Spirit   .   (body armour unavailable)
rPois   .          Reflect  .   (helmet restricted)
rElec   .          Harm     .   (no cloak)
rCorr   .          Rampage  .   (no gloves)
Will    .....                   (no boots)
Stlth   +.........              (no amulet)
HPRegen 0.11/turn               (no ring)
MPRegen 0.08/turn               (no ring)

@: weak-willed
A: AC +5, unfitting armour, cold-blooded
a: Renounce Religion


You were on level 2 of the Dungeon.
You worshipped Xom.
You were a very special plaything of Xom.
You visited 1 branch of the dungeon, and saw 2 of its levels.

You collected 128 gold pieces.

Inventory:

Hand Weapons
 a - a +0 falchion of chaos (weapon)
Missiles
 d - 6 poisoned darts (quivered)
Jewellery
 i - an amulet of guardian spirit
Scrolls
 c - 2 scrolls of identify
 f - 2 scrolls of immolation
Potions
 e - a potion of attraction {unknown}
 g - 2 potions of lignification {unknown}
 j - a potion of curing {unknown}
Miscellaneous
 b - a piece from Xom's chessboard (2/15)


   Skills:
 * Level 4.1 Fighting
 + Level 3.5 Long Blades
 + Level 0.2 Throwing
 + Level 2.5 Dodging
 + Level 0.6 Evocations


You had 2 spell levels left.
You didn't know any spells.
Your spell library was empty.

Dungeon Overview and Level Annotations

Branches:
Dungeon (2/15)

Altars:
Xom

Annotations:
D:2 Natasha


Innate Abilities, Weirdness & Mutations

Your plain brown scales are hard. (AC +5)
You cannot fit into any form of body armour.
You are cold-blooded and may be slowed by cold attacks.


Message History

There is an open door here.
As you read the scroll labelled WED FUCHIOWI, it crumbles to dust.
It is a scroll of identify.
f - 2 scrolls of immolation Natasha misses you.
Natasha barely misses herself.
As you read the scroll labelled TOPNIZE CECASS, it crumbles to dust.
Magic quickly surges around you.
It was a scroll of vulnerability.
Natasha claws something!
You feel a bit more experienced.
As you read the scroll labelled SIDENUI ISOH, it crumbles to dust.
Wisps of shadow whirl around you...
It was a scroll of summoning.
Natasha seems less confused.
Natasha completely misses you.
You swap places.
Natasha closely misses your ball python.
Natasha claws your ball python.
Your ball python dies!
Your ball python's corpse dissolves into shadows!
Your goblin hits Natasha with a +0 club.
There is a fountain of sparkling water here.
Natasha closely misses your goblin.
Your goblin misses Natasha. Natasha claws your goblin.
Your goblin dies!
Your goblin's corpse dissolves into shadows!
Natasha claws your hobgoblin. Natasha claws your hobgoblin!
Your hobgoblin dies!
Your hobgoblin's corpse dissolves into shadows!
Your hobgoblin closely misses Natasha.
Your hobgoblin hits Natasha.
Natasha rages.
Natasha closely misses you.
You barely miss Natasha.
Natasha is heavily wounded.
Natasha claws you but does no damage. Natasha misses you.
You barely miss Natasha. You tail-slap Natasha.
Natasha is heavily wounded.
Natasha claws you.
You barely miss Natasha.
Natasha is heavily wounded.
Natasha claws you!
You die...

⌠........##.......[#'#
.........#...........#
........##........⌠.##
##...⌠..#.....#.....#
###...##.⌠........##
###.+....†......# .#.#
#####......g.###...
###...⌠h.#...<
###..@##... ###.#...
#.##.# ..# #.##.# .#
## .. #....# #.# .#
###.#### ####'## #.###
.# #..^... # ##...##
#.... .# #....##.#
##.....## #... .#
##.....#.# ##>......##
##.##


You could see Natasha (berserk, weak-willed, ally target) and a friendly
hobgoblin (summoned).

Vanquished Creatures
  Natasha (D:2)
  A worm (D:2)
  5 bats
  An endoplasm (D:2)
  A giant cockroach (D:2)
  3 goblins
  2 hobgoblins
  7 kobolds
  2 quokkas
  A frilled lizard (D:1)
  A rat (D:1)
25 creatures vanquished.

Notes
Turn   | Place    | Note
-------+----------+-------------------------------------------
     0 | D:1      | Lekart the Draconian Chaos Knight began the quest for the
                  | Orb.
     0 | D:1      | Reached XP level 1. HP: 19/19 MP: 1/1
   426 | D:1      | Reached XP level 2. HP: 19/27 MP: 2/2
   755 | D:1      | XOM: silly message
  1707 | D:2      | Upgraded the game from 0.29-a0-338-g1ff7896281 to
                  | 0.29-a0-352-g0917bc69df
  1744 | D:2      | Noticed Natasha
  1746 | D:2      | Noticed a crimson imp
  1757 | D:2      | Killed Natasha
  1758 | D:2      | Reached skill level 4 in Fighting
  1758 | D:2      | Reached XP level 3. HP: 8/33 MP: 3/3
  1788 | D:2      | XOM: god gift: leather armour {god gift}
  1793 | D:2      | XOM: divination: detect items
  2271 | D:2      | XOM: god gift: dented cabochon amulet {god gift}
  2350 | D:2      | Found a shimmering altar of Xom.
  2553 | D:2      | Noticed Natasha
  2578 | D:2      | Slain by Natasha

Illustrated notes

Levels and vault maps discovered:
D:1:      dpeg_arrival_stone_temple_mockup, layout_basic, serial_bayou,
          serial_bayou_pond_c, serial_bayou_lake_a, serial_bayou_pond_e,
          serial_bayou_ford_a
D:2:      minmay_skewed_foursquare, layout_loops_corners, basic_altar,
          uniq_natasha

Skill      XL: |  1  2 |
---------------+-------+-----
Fighting       | 4 |  4.1
Long Blades    | |  3.5
Throwing       | |  0.2
Dodging        | |  2.5
Evocations     | |  0.6

Action                   || total
-------------------------++-------
Melee: Falchion          ||    84
       Tailslap          ||    10
Throw: Dart              ||    16
Evoke: Piece from Xom's  ||    15
  Use: Scroll            ||     3
 Stab: Petrified         ||     4
Armor: Skin              ||    38
Dodge: Dodged            ||    60

Table legend: (Time is in decaauts)
 A = Elapsed time spent in this place.
 B = Non-inter-level travel time spent in this place.
 C = Inter-level travel time spent in this place.
 D = Time resting spent in this place.
 E = Time spent auto-exploring this place.
 F = Levels seen in this place.
 G = Mean time per level.
                   A        B        C        D        E       F      G
               +--------+--------+--------+--------+--------+-----+--------+
         Total |   2674 |   2596 |     78 |    220 |   2057 |   2 | 1337.0 |
       Dungeon |   2674 |   2596 |     78 |    220 |   2057 |   2 | 1337.0 |
               +--------+--------+--------+--------+--------+-----+--------+

Top non-repeatable levels by time:
     D:1: 1681 daAuts
     D:2: 992 daAuts
